 Dungeon Crawl Stone Soup version 0.27-a0-1579-g97d2440184 (webtiles) character file.

Game seed: 6922343167530798133

349 garrulousMonolith the Fighter (level 6, 0/57 HPs)
             Began as a Gnoll Wanderer on July 18, 2021.
             Was an Initiate of Dithmenos.
             Slain by an orc (3 damage)
             ... on level 4 of the Dungeon.
             The game lasted 00:03:47 (3124 turns).

garrulousMonolith the Fighter (Gnoll Wanderer)      Turns: 3124, Time: 00:03:47

Health: 0/57       AC: -5    Str: 10    XL:     6   Next: 60%
Magic:  9/9        EV: 11    Int: 16    God:    Dithmenos [......]
Gold:   148        SH:  6    Dex: 16    Spells: 9/9 levels left

rFire    . . .     SeeInvis .   h - +2 dagger (elec)
rCold    . . .     Faith    .   j - +2 buckler
rNeg     . . .     Spirit   .   c - +0 ring mail
rPois    +         Reflect  .   (no helmet)
rElec    .         Harm     .   s - +0 cloak
rCorr    .         Rampage  .   (no gloves)
Will     .....                  (no boots)
Stlth    ++........             (no amulet)
HPRegen  0.19/turn              n - +6 ring of dexterity
MPRegen  0.11/turn              r - ring "Ongudgh" {rPois Slay+4}

@: corroded
A: fangs 1, strong nose, distributed training
a: Renounce Religion


You were on level 4 of the Dungeon.
You worshipped Dithmenos.
Dithmenos was noncommittal.
You visited 1 branch of the dungeon, and saw 4 of its levels.

You collected 148 gold pieces.

Inventory:

Hand Weapons
 a - a +2 short sword of holy wrath
 h - a +2 dagger of electrocution (weapon)
Missiles
 d - 14 poisoned darts (quivered)
Armour
 c - a +0 ring mail (worn)
 j - a +2 buckler (worn)
 m - a +0 chain mail
 s - a +0 cloak (worn)
Jewellery
 n - a +6 ring of dexterity (left hand)
 r - the ring "Ongudgh" (right hand) {rPois Slay+4}
   (You found it on level 4 of the Dungeon)

   [ring of poison resistance]

   Slay:      It affects your accuracy & damage with ranged weapons and melee
   (+4).
   rPois:     It protects you from poison.
Wands
 p - a wand of charming (10)
Scrolls
 e - a scroll of magic mapping {unknown}
 i - a scroll of identify {unknown}
 o - a scroll of noise {unknown}
 q - a scroll of immolation {unknown}
Potions
 f - a potion of lignification {unknown}
 g - a potion of mutation {unknown}
 k - a potion of resistance {unknown}
 l - a potion of curing {unknown}


   Skills:
 + Level 8.8 Fighting
 + Level 2.0 Short Blades
 + Level 2.0 Long Blades
 + Level 3.3 Axes
 + Level 2.0 Maces & Flails
 + Level 2.0 Polearms
 + Level 2.0 Staves
 + Level 2.0 Slings
 + Level 2.0 Bows
 + Level 2.0 Crossbows
 + Level 3.3 Throwing
 + Level 2.0 Armour
 + Level 3.3 Dodging
 + Level 4.6 Stealth
 + Level 2.0 Shields
 + Level 2.0 Unarmed Combat
 + Level 2.0 Spellcasting
 + Level 1.6 Conjurations
 + Level 1.6 Hexes
 + Level 1.6 Summonings
 + Level 1.6 Necromancy
 + Level 1.6 Translocations
 + Level 1.6 Transmutations
 + Level 1.6 Fire Magic
 + Level 1.6 Ice Magic
 + Level 1.6 Air Magic
 + Level 1.6 Earth Magic
 + Level 1.6 Poison Magic
 + Level 2.2 Invocations
 + Level 3.3 Evocations


You had 9 spell levels left.
You didn't know any spells.
Your spell library was empty.

Dungeon Overview and Level Annotations

Branches:
Dungeon (4/15)             Temple (0/1) D:4

Altars:
Dithmenos
Makhleb


Innate Abilities, Weirdness & Mutations

You have very sharp teeth.
Your uncanny sense of smell can sniff out nearby items.
Your experience applies equally to all skills.


Message History

The jelly hits you. The acid corrodes you!
You are splashed with acid!
You are too injured to fight recklessly!
You are too injured to fight recklessly!
You are too injured to fight recklessly!
You are too injured to fight recklessly!
You hit the jelly. Lightning courses through the jelly!
Your hands burn!
The jelly is severely wounded.
You block the jelly's attack.
You hit the jelly but do no damage.
Your hands burn!
Your bite misses the jelly.
The jelly is severely wounded.
The jelly hits you. The acid corrodes you!
You are splashed with acid!
You hit the jelly but do no damage. Lightning courses through the jelly!
You kill the jelly!
Dithmenos accepts your kill. The orc hits you with a +0 flail.
You feel much better. You block the orc's attack.
The orc hits you with a +0 short sword.
You hit the orc but do no damage.
An orc comes into view. It is wielding a +0 flail.
You block the orc's attack. The orc closely misses you.
You completely miss the orc. The orc hits you with a +0 flail.
The orc barely misses you.
An ogre comes into view. It is wielding a +0 giant spiked club.
The ogre shouts!
The orc shouts!
You hit the orc but do no damage. Your bite misses the orc.
You block the orc's attack. The orc closely misses you.
You hit the orc but do no damage. The orc barely misses you.
You block the orc's attack.
You barely miss the orc. The orc barely misses you.
You hit the orc but do no damage. The orc hits you with a +0 flail!
A necrophage comes into view.
The orc hits you with a +0 flail! The orc hits you with a +0 flail.
* * * LOW HITPOINT WARNING * * *
The orc priest calls down the wrath of Beogh upon you.
Beogh smites you!
* * * LOW HITPOINT WARNING * * *
You hit the orc priest but do no damage.
The orc barely misses you. The orc hits you with a +0 flail.
You die...

..........## #.. ...8.8.8..
#.. ...⌠.⌠..### ∆#..
#####.8n>.8... ######..
..(....⌠.⌠..###. ..........
##....8.8.8.$... #.#....#.#
............#####.#.#.##.#.#
#.......Ooo......#.# . #.#
#.......##@#######.# ## #.#
#......o..o........# #.#
#####.####....#.##.# ..#
#.#.......#.##.########
#.......#..†...........
##.........(##.....†...
#..........###########
.............#
..$..........#


You could see an ogre, a necrophage, an orc priest and 3 orcs.

Vanquished Creatures
  A necrophage (D:4)
  A hound (D:4)
  A jelly (D:4)
  An iguana (D:4)
  An orc wizard (D:3)
  7 adders
  2 dart slugs
  5 orcs (D:3)
  6 bats
  9 endoplasms
  6 giant cockroaches
  7 goblins
  7 hobgoblins
  3 jackals (D:3)
  8 kobolds
  2 quokkas (D:3)
  3 ball pythons
  5 frilled lizards
  4 rats
  2 bushes (D:1)
81 creatures vanquished.

Notes
Turn   | Place    | Note
-------+----------+-------------------------------------------
     0 | D:1      | garrulousMonolith the Gnoll Wanderer began the quest for
                  | the Orb.
     0 | D:1      | garrulousMonolith set off with the following items: a +2
                  | dagger, a potion of heal wounds, a +0 ring mail, 14
                  | poisoned darts, a +0 dagger
     0 | D:1      | Reached XP level 1. HP: 26/26 MP: 1/1
    45 | D:1      | Found a faded altar of an unknown god.
   150 | D:1      | Reached XP level 2. HP: 33/33 MP: 2/2
  1133 | D:2      | Reached XP level 3. HP: 25/38 MP: 3/3
  1299 | D:2      | Reached skill level 1 in Invocations
  1520 | D:2      | Reached skill level 1 in Short Blades
  1520 | D:2      | Reached skill level 1 in Long Blades
  1520 | D:2      | Reached skill level 1 in Maces & Flails
  1520 | D:2      | Reached skill level 1 in Polearms
  1520 | D:2      | Reached skill level 1 in Staves
  1520 | D:2      | Reached skill level 1 in Slings
  1520 | D:2      | Reached skill level 1 in Bows
  1520 | D:2      | Reached skill level 1 in Crossbows
  1520 | D:2      | Reached skill level 1 in Armour
  1520 | D:2      | Reached skill level 1 in Shields
  1520 | D:2      | Reached skill level 1 in Unarmed Combat
  1520 | D:2      | Reached skill level 1 in Spellcasting
  1533 | D:2      | Reached XP level 4. HP: 27/45 MP: 5/5
  2227 | D:3      | Reached skill level 1 in Conjurations
  2227 | D:3      | Reached skill level 1 in Hexes
  2227 | D:3      | Reached skill level 1 in Summonings
  2227 | D:3      | Reached skill level 1 in Necromancy
  2227 | D:3      | Reached skill level 1 in Translocations
  2227 | D:3      | Reached skill level 1 in Transmutations
  2227 | D:3      | Reached skill level 1 in Fire Magic
  2227 | D:3      | Reached skill level 1 in Ice Magic
  2227 | D:3      | Reached skill level 1 in Air Magic
  2227 | D:3      | Reached skill level 1 in Earth Magic
  2227 | D:3      | Reached skill level 1 in Poison Magic
  2344 | D:3      | Reached XP level 5. HP: 43/51 MP: 6/6
  2786 | D:3      | Found a shadowy altar of Dithmenos.
  2786 | D:3      | Found a burning altar of Makhleb.
  2790 | D:3      | Became a worshipper of Dithmenos the Shadowed
  2859 | D:4      | Identified the ring "Ongudgh" {rPois Slay+4}
  3048 | D:4      | Reached XP level 6. HP: 52/57 MP: 8/8
  3099 | D:4      | Found a staircase to the Ecumenical Temple.
  3101 | D:4      | Noticed a necrophage
  3107 | D:4      | Killed a necrophage
  3123 | D:4      | Noticed a necrophage
  3124 | D:4      | Slain by an orc

Illustrated notes

Levels and vault maps discovered:
D:1:      minmay_arrival_checkered_box, layout_rooms,
          ebering_ecumenical_altar_webs, serial_forest,
          infiniplex_forest_lined_room_3, infiniplex_forest_lined_room_2,
          infiniplex_forest_lined_3, infiniplex_forest_end_1,
          infiniplex_forest_end_1
D:2:      layout_basic
D:3:      layout_rooms, gammafunk_temple_overflow_elements
D:4:      layout_basic, lemuel_tele_altar,
          minmay_temple_entry_statues_fountains, uniq_grinder, uniq_eustachio,
          uniq_ijyb

Skill      XL: |  1  2  3  4  5  6 |
---------------+-------------------+-----
Invocations    | 1 2 |  2.2
Short Blades   | 1 2 |  2.0
Long Blades    | 1 2 |  2.0
Maces & Flails | 1 2 |  2.0
Polearms       | 1 2 |  2.0
Staves         | 1 2 |  2.0
Slings         | 1 2 |  2.0
Bows           | 1 2 |  2.0
Crossbows      | 1 2 |  2.0
Armour         | 1 2 |  2.0
Shields        | 1 2 |  2.0
Unarmed Combat | 1 2 |  2.0
Spellcasting   | 1 2 |  2.0
Conjurations   | 1 |  1.6
Hexes          | 1 |  1.6
Summonings     | 1 |  1.6
Necromancy     | 1 |  1.6
Translocations | 1 |  1.6
Transmutations | 1 |  1.6
Fire Magic     | 1 |  1.6
Ice Magic      | 1 |  1.6
Air Magic      | 1 |  1.6
Earth Magic    | 1 |  1.6
Poison Magic   | 1 |  1.6
Axes           | 3 |  3.3
Throwing       | 3 |  3.3
Dodging        | 3 |  3.3
Evocations     | 3 |  3.3
Fighting       | |  8.8
Stealth        | |  4.6

Action                   |  1- 3 |  4- 6 || total
-------------------------+-------+-------++-------
Melee: Dagger            |   157 |   114 ||   271
       Bite              |    16 |     6 ||    22
       Punch             |     1 |       ||     1
  Use: Potion            |       |     1 ||     1
 Stab: Sleeping          |     2 |     4 ||     6
Armor: Ring mail         |    63 |    32 ||    95
       Chain mail        |       |     1 ||     1
Dodge: Dodged            |    67 |    57 ||   124
Block: Buckler           |       |    30 ||    30

Table legend: (Time is in decaauts)
 A = Elapsed time spent in this place.
 B = Non-inter-level travel time spent in this place.
 C = Inter-level travel time spent in this place.
 D = Time resting spent in this place.
 E = Time spent auto-exploring this place.
 F = Levels seen in this place.
 G = Mean time per level.
                   A        B        C        D        E       F      G
               +--------+--------+--------+--------+--------+-----+--------+
         Total |   3116 |   3069 |     47 |    321 |   2187 |   4 |  779.0 |
       Dungeon |   3116 |   3069 |     47 |    321 |   2187 |   4 |  779.0 |
               +--------+--------+--------+--------+--------+-----+--------+

Top non-repeatable levels by time:
     D:1: 1122 daAuts
     D:2: 939 daAuts
     D:3: 779 daAuts
     D:4: 275 daAuts
